 Dungeon Crawl Stone Soup version 0.30-a0-867-g305f33218d (webtiles) character file.

Game seed: 4375182419518055486

77 Dittersdorf the Trooper (level 4, -1/29 HPs)
             Began as a Gargoyle Fighter on Mar 10, 2023.
             Slain by a gnoll
             ... wielding a +0 halberd
              (6 damage)
             ... on level 2 of the Dungeon.
             The game lasted 00:01:58 (1738 turns).

Dittersdorf the Trooper (Gargoyle Fighter)          Turns: 1738, Time: 00:01:59

Health: -1/29      AC: 12    Str: 21    XL:     4   Next: 33%
Magic:  4/4        EV:  9    Int:  9    God:
Gold:   81         SH:  4    Dex:  9    Spells: 3/3 levels left

rFire   + . .      SeeInvis +    a - +0 flail
rCold   . . .      Faith    .    c - +0 buckler
rNeg    + . .      Spirit   .    g - +1 scale mail {rF+}
rPois   ∞          Reflect  .    (no helmet)
rElec   +          Rampage  .    h - +0 cloak
rCorr   +                        (no gloves)
Will    .....                    (no boots) Stlth
                                 (no amulet)
HPRegen 0.24/turn                n - ring of resist corrosion
MPRegen 0.09/turn                o - ring of see invisible

@: no status effects
A: sickness immunity, AC +3, negative energy resistance 1, electricity
resistance, torment resistance 1, petrification resistance
a: no special abilities


You were on level 2 of the Dungeon.
You visited 1 branch of the dungeon, and saw 2 of its levels.

You collected 81 gold pieces.

Inventory:

Hand Weapons
 a - a +0 flail (weapon)
Armour
 c - a +0 buckler (worn)
 g - a +1 scale mail of fire resistance (worn)
 h - a +0 cloak (worn)
Jewellery
 n - a ring of resist corrosion (left hand)
 o - a ring of see invisible (right hand)
Scrolls
 b - a scroll of teleportation {unknown}
 e - a scroll of poison {unknown}
 f - 2 scrolls of vulnerability {unknown}
 j - a scroll of amnesia {unknown}
 l - a scroll of noise {unknown}
 m - a scroll of identify {unknown}
Potions
 d - 2 potions of might
 i - a potion of curing {unknown}
 k - a potion of berserk rage {unknown}


   Skills:
 + Level 4.0 Fighting
 + Level 2.7 Maces & Flails
 + Level 4.0 Armour
 + Level 3.9 Shields


You had 3 spell levels left.
You didn't know any spells.
Your spell library contained the following spells:

 Spells                   Type           Power      Damage    Failure   Level
 Iskenderun's Battlesphe  Conj           0%         2d6       100%        5
 Iron Shot                Conj/Erth      0%         9d1       100%        6
 Spellforged Servitor     Conj/Summ      0%         N/A       100%        7


Dungeon Overview and Level Annotations

Branches:
Dungeon (2/15)

Altars:


Innate Abilities, Weirdness & Mutations

You are immune to sickness and miasma.
Your stone body is resilient. (AC +3)
You are immune to poison.
You resist negative energy. (rN+)
You are resistant to electric shocks. (rElec)
You are resistant to unholy torment.
You are immune to petrification.


Message History

The gnoll hits you but does no damage. The gnoll completely misses you.
The gnoll hits you but does no damage. The gnoll barely misses you.
You closely miss the gnoll.
The gnoll is heavily wounded.
The gnoll closely misses you. You block the gnoll's attack.
You hit the gnoll but do no damage.
The gnoll is heavily wounded.
You block the gnoll's attack. The gnoll barely misses you.
You hit the gnoll but do no damage.
The gnoll is heavily wounded.
The gnoll barely misses you. x2
You closely miss the gnoll.
The gnoll is heavily wounded.
The gnoll barely misses you. The gnoll hits you but does no damage.
The gnoll closely misses you. x2
You hit the gnoll.
The gnoll is heavily wounded.
The gnoll barely misses you. The gnoll closely misses you.
You hit the gnoll.
You kill the gnoll!
You block the gnoll's attack.
Your Fighting skill increases to level 4!
Your Armour skill increases to level 4!
The gnoll hits you but does no damage.
Things that are here:
a +0 flail; a +0 halberd You sock the gnoll!
The gnoll is heavily wounded.
The gnoll hits you with a +0 halberd! You block the gnoll's attack.
You barely miss the gnoll.
The gnoll is heavily wounded.
The gnoll hits you but does no damage.
You hit the gnoll.
The gnoll is heavily wounded.
The gnoll hits you with a +0 halberd!
* * * LOW HITPOINT WARNING * * *
You hit the gnoll.
The gnoll is severely wounded.
The gnoll hits you with a +0 halberd.
You die...

#.#.#.###.#.#.#.#######'##
#.
#.#.#...#.#.#.#.##.......#
#.
###.#####.#.###.##.......#
#.
..........#.....##.......#
#########.########.......#
....#...#.#
###.......#######
#.#...#.#.#
#................
#.###.#.#.#
#g######.########
#.###.###.#
#@######.######
#..##.....#
#.#.............
##..#######
#.#.####.#######
###....#########.#.# #.#
.................#.# #.#
#######.......#..#.####.#
....)................#..#
####################...##
.....................>##


You could see a gnoll.

Vanquished Creatures
  An adder (D:2)
  2 gnolls (D:2)
  2 worms (D:2)
  3 dart slugs (D:2)
  2 bats
  2 endoplasms
  2 giant cockroaches (D:1)
  5 goblins
  3 hobgoblins (D:1)
  3 jackals (D:2)
  3 kobolds (D:1)
  5 ball pythons
  3 frilled lizards
  A rat (D:2)
37 creatures vanquished.

Notes
Turn   | Place    | Note
-------+----------+-------------------------------------------
     0 | D:1      | Dittersdorf the Gargoyle Fighter began the quest for the
                  | Orb.
     0 | D:1      | Reached XP level 1. HP: 14/14 MP: 1/1
   247 | D:1      | Found a faded altar of an unknown god.
   280 | D:1      | Reached XP level 2. HP: 16/19 MP: 2/2
  1099 | D:2      | Reached XP level 3. HP: 23/23 MP: 3/3
  1549 | D:2      | Reached XP level 4. HP: 23/29 MP: 4/4
  1738 | D:2      | Slain by a gnoll

Illustrated notes

Levels and vault maps discovered:
D:1:      dpeg_arrival_renting, layout_basic,
          hellmonk_ecumenical_altar_pennies_from_heaven, minmay_split_cup_small
D:2:      mumra_celtic_spiral_tile, layout_basic, st_stairs_13

Skill      XL: |  1  2  3  4 |
---------------+-------------+-----
Fighting       | 4 |  4.0
Armour         | 4 |  4.0
Maces & Flails | |  2.7
Shields        | |  3.9

Action                     |  1- 3 |  4- 6 || total
---------------------------+-------+-------++-------
  Melee: Flail             |   134 |    20 ||   154
 Armour: Scale mail        |    84 |     7 ||    91
  Dodge: Dodged            |    74 |    18 ||    92
  Block: Buckler           |    39 |     7 ||    46

Table legend: (Time is in decaauts)
 A = Elapsed time spent in this place.
 B = Non-inter-level travel time spent in this place.
 C = Inter-level travel time spent in this place.
 D = Time resting spent in this place.
 E = Time spent auto-exploring this place.
 F = Levels seen in this place.
 G = Mean time per level.
                   A        B        C        D        E       F      G
               +--------+--------+--------+--------+--------+-----+--------+
         Total |   1787 |   1774 |     13 |     12 |   1319 |   2 |  893.5 |
       Dungeon |   1787 |   1774 |     13 |     12 |   1319 |   2 |  893.5 |
               +--------+--------+--------+--------+--------+-----+--------+

Top non-repeatable levels by time:
     D:1: 943 daAuts
     D:2: 844 daAuts
